 Dungeon Crawl Stone Soup version 0.20-a0-1122-gb7cbeb9 (webtiles) character file.

292 wolfsongas the Twirler (level 6, 0/44 HPs)
             Began as a Demonspawn Gladiator on May 15, 2017.
             Succumbed to a kobold's poison
             ... on level 3 of the Dungeon.
             The game lasted 00:07:07 (2087 turns).

wolfsongas the Twirler (Demonspawn Gladiator)       Turns: 2087, Time: 00:07:08

Health: 0/44       AC:  7    Str: 15    XL:     6   Next: 10%
Magic:  6/6        EV: 12    Int:  8    God:
Gold:   109        SH:  0    Dex: 15    Spells: 5/5 levels left

rFire    . . .     SeeInvis .   a - +3 quarterstaff
rCold    + . .     Gourm    .   (shield currently unavailable)
rNeg     . . .     Faith    .   b - +0 leather armour
rPois    .         Spirit   .   c - +2 helmet
rElec    .         Reflect  .   (no cloak)
rCorr    .         Harm     .   l - +0 pair of gloves
MR       .....                  (no boots)
Stlth    +.........             k - amulet of rage
Regen    0.2/turn               (no ring)
MPRegen  0.1/turn               (no ring)

@: lethally poisoned (0 -> -22), very slightly contaminated, invisible
A: claws 2, hooves 1, cold resistance 1, dopey 1, wild magic 1
a: Evoke Berserk Rage


You were on level 3 of the Dungeon.
You were not hungry.

You visited 1 branch of the dungeon, and saw 3 of its levels.

You collected 109 gold pieces.

Inventory:

Hand Weapons
 a - a +3 quarterstaff (weapon)
Missiles
 d - 3 throwing nets (quivered)
Armour
 b - a +0 leather armour (worn)
 c - a +2 helmet (worn)
 l - a +0 pair of gloves (worn)
Jewellery
 k - an amulet of rage (around neck)
Scrolls
 g - 2 scrolls of teleportation
 o - a scroll of amnesia
 q - a scroll of recharging
Potions
 n - 3 potions of brilliance
 p - a potion of invisibility
Comestibles
 f - 2 bread rations
 h - 4 chunks of flesh
 i - 3 meat rations
 m - 3 fruits


   Skills:
 - Level 2.0 Fighting
 * Level 6.3 Staves
 - Level 1.7 Throwing
 - Level 2.6 Dodging


You had 5 spell levels left.
You didn't know any spells.

Dungeon Overview and Level Annotations

Branches:
Dungeon (3/15)

Altars:


Innate Abilities, Weirdness & Mutations

You have very sharp fingernails.
Your flesh is cold resistant. (rC+)
You have large cloven feet.
You are dopey. (Int -2)
Your spells are a little harder to cast, but a little more powerful.


Message History

Okay, then.
Your magical effects are unravelling.
You feel magically purged.
You feel yourself speed up.
* * * LOW HITPOINT WARNING * * *
You feel very sick.
You fade into invisibility!
* * * LOW HITPOINT WARNING * * *
You feel sick.
You are very lightly contaminated with residual magic.
There is a lethal amount of poison in your body!
There is a lethal amount of poison in your body!
Okay, then.
Okay, then.
Okay, then.
You're still recovering from your berserk rage.
* * * LOW HITPOINT WARNING * * *
You feel sick.
You see here 2 poisoned needles.
You die...

############... .#....
#####.# ......
####...... #....
#.........
#...#########.##.##.#.
....#........##.##..)
#..#.#########.###.#
#..#.## #.# #.#
#..@..###### #.# #.#
#.((........ ..# #..
##(...###### ### #.#
#######(#.##### #.#
#≈....((.(..≈.# #.#
#.≈..≈(≈≈≈...≈# #<#
#..≈≈≈≈≈≈≈≈≈≈≈# ##.#
#≈≈≈≈≈≈≈≈≈≈≈≈≈# #..#
#(.≈≈≈≈K≈≈≈≈.≈# #.##


There were no monsters in sight!

Vanquished Creatures
  The ghost of bmwyatt74 the Chopper, an amateur DsBe of Trog (D:3)
  2 adders
  A howler monkey skeleton (D:3)
  A worm (D:2)
  4 dart slugs
  2 leopard geckos
  2 giant cockroaches
  13 goblins
  5 hobgoblins
  A quokka (D:2)
  4 bats
  3 frilled lizards
  8 kobolds
  5 rats
  3 fungi (D:1)
55 creatures vanquished.

Notes
Turn   | Place    | Note
-------+----------+-------------------------------------------
     0 | D:1      | wolfsongas the Demonspawn Gladiator began the quest for the Orb.
     0 | D:1      | Reached XP level 1. HP: 16/16 MP: 1/1
    50 | D:1      | Reached skill level 3 in Staves
   124 | D:1      | Gained mutation: Your flesh is cold resistant. (rC+) [demonic ancestry]
   124 | D:1      | Reached XP level 2. HP: 22/22 MP: 2/2
  1057 | D:2      | Gained mutation: You have sharp fingernails. [demonic ancestry]
  1057 | D:2      | Reached XP level 3. HP: 27/27 MP: 3/3
  1190 | D:2      | Reached skill level 4 in Staves
  1388 | D:2      | Gained mutation: Your flesh is heat resistant. (rF+) [potion of mutation]
  1388 | D:2      | Gained mutation: Your spells are a little harder to cast, but a little more powerful. [potion of mutation]
  1388 | D:2      | Gained mutation: You are somewhat resistant to further mutation. [potion of mutation]
  1843 | D:3      | Reached XP level 4. HP: 29/33 MP: 4/4
  1870 | D:3      | Lost mutation: Your flesh is heat resistant. (rF+) [potion of mutation]
  1870 | D:3      | Lost mutation: You are somewhat resistant to further mutation. [potion of mutation]
  1870 | D:3      | Lost mutation: Your spells are a little harder to cast, but a little more powerful. [potion of mutation]
  1870 | D:3      | Gained mutation: Your spells are a little harder to cast, but a little more powerful. [potion of mutation]
  1870 | D:3      | Gained mutation: You are dopey. (Int -2) [potion of mutation]
  1870 | D:3      | Gained mutation: You have large cloven feet. [potion of mutation]
  2056 | D:3      | Found a faded altar of an unknown god.
  2056 | D:3      | Noticed bmwyatt74's ghost (amateur DsBe)
  2066 | D:3      | Killed bmwyatt74's ghost
  2066 | D:3      | Reached skill level 6 in Staves
  2066 | D:3      | Reached XP level 5. HP: 38/38 MP: 5/5
  2066 | D:3      | Gained mutation: You have very sharp fingernails. [demonic ancestry]
  2066 | D:3      | Reached XP level 6. HP: 44/44 MP: 6/6
  2086 | D:3      | HP: 2/44 [poisoned by a kobold]
  2087 | D:3      | Succumbed to a kobold's poison

Vault maps used:
D:1:      onia_arrival_mini_maze_b
D:3:      lemuel_round_altar, chequers_ecumenical_altar_island, first_bread,
          trog_wizard

Skill      XL: |  1  2  3  4 |
---------------+-------------+-----
Staves         | 3 4 6 |  6.3
Fighting       | |  2.0
Throwing       | |  1.7
Dodging        | |  2.6

Action                   |  1- 3 |  4- 6 || total
-------------------------+-------+-------++-------
Melee: Quarterstaff      |   166 |    25 ||   191
       Kick              |       |     7 ||     7
  Use: Scroll            |    10 |     3 ||    13
       Potion            |     6 |     4 ||    10
 Stab: Sleeping          |     3 |       ||     3
       Distracted        |     1 |       ||     1
  Eat: Chunk             |     3 |     1 ||     4
Armor: Leather armour    |    28 |     6 ||    34
       Skin              |    10 |       ||    10
Dodge: Dodged            |    83 |    24 ||   107
